 Seeded DCSS version 0.28-a0-1312-g71652a0310 (webtiles) character file.

Game seed: 12219887455895637472 (custom seed)

212 wilfster70 the Caller (level 5, -2/21 HPs)
             Began as a Felid Summoner on Dec 27, 2021.
             Slain by Pikel (5 damage)
             ... while paralysed by Grinder
             ... on level 4 of the Dungeon.
             The game lasted 00:12:58 (4569 turns).

wilfster70 the Caller (Felid Summoner)              Turns: 4569, Time: 00:12:59

Health: -2/21      AC:  1    Str:  4    XL:     5   Next: 58%
Magic:  12/12      EV:  4    Int: 19    God:
Gold:   158        SH:  0    Dex: 16    Spells: 3/12 levels left
                                        Lives:  0   Deaths: 1

rFire   . . .      SeeInvis +   (weapon unavailable)
rCold   . . .      Faith    .   (shield unavailable)
rNeg    . . .      Spirit   .   (armour unavailable)
rPois   .          Reflect  .   (helmet unavailable)
rElec   .          Harm     .   (cloak unavailable)
rCorr   .          Rampage  .   (gloves unavailable)
Will    .....                   (boots unavailable)
Stlth   ++........              (no amulet)
HPRegen 0.07/turn               (no ring)
MPRegen 0.13/turn               (no ring)

@: paralysed, lethally poisoned (-2 -> -3), quick
A: very small, claws 1, fangs 3, see invisible, speed 1, shaggy fur 1, stealthy
paws, no weapons or thrown items, no armour, multi-lived
a: no special abilities


You were on level 4 of the Dungeon.
You visited 1 branch of the dungeon, and saw 4 of its levels.

You collected 158 gold pieces.

Inventory:

Wands
 h - a wand of digging (5)
Scrolls
 a - 2 scrolls of teleportation {unknown}
 c - a scroll of magic mapping {unknown}
 d - a scroll of amnesia {unknown}
 e - a scroll of enchant armour {unknown}
Potions
 b - a potion of lignification
 f - a potion of brilliance
 g - a potion of curing {unknown}


   Skills:
 - Level 2.6 Dodging
 - Level 2.6 Stealth
 + Level 4.4 Spellcasting
 + Level 0.0 Hexes
 - Level 6.0 Summonings


You had 3 spell levels left.
You knew the following spells:

 Your Spells              Type           Power      Damage    Failure   Level
a - Summon Small Mammal   Summ           100%       N/A       1%          1
b - Call Imp              Summ           27%        N/A       1%          2
c - Call Canine Familiar  Summ           27%        N/A       3%          3
d - Summon Guardian Gole  Hex/Summ       15%        N/A       12%         3

Your spell library contained the following spells:

 Spells                   Type           Power      Damage    Failure   Level
 Blink                    Tloc           8%         N/A       21%         2
 Gell's Gravitas          Tloc           4%         N/A       36%         3
 Lesser Beckoning         Tloc           4%         N/A       36%         3
 Teleport Other           Tloc           4%         N/A       36%         3
 Summon Lightning Spire   Summ/Air       15%        N/A       36%         4
 Manifold Assault         Tloc           4%         N/A       98%         5
 Storm Form               Tmut/Air       2%         N/A       100%        7
 Maxwell's Capacitive Co  Air            2%         ∞         100%        8


Dungeon Overview and Level Annotations

Branches:
Dungeon (4/15)
 Temple: D:4-7

Altars:
Ashenzari
Makhleb

Annotations:
D:4 Grinder, Menkaure, Pikel


Innate Abilities, Weirdness & Mutations

You have sharp claws.
You have razor-sharp teeth.
You have supernaturally acute eyesight. (SInv)
You cover ground quickly. (Speed+)
You are covered in fur. (AC +1)
Your paws help you pounce on unaware monsters.
You are incapable of wielding weapons or throwing items.
You cannot wear armour.
You gain extra lives every three experience levels.


Message History

An endoplasm comes into view.
Casting: Call Imp (safe; 1% risk of failure)
Confirm with . or Enter, or press ? or * to list all spells.
A beastly little devil appears in a puff of flame.
Your white imp disappears in a puff of smoke!
Your crimson imp barely misses the endoplasm.
The endoplasm misses you.
Your crimson imp barely misses the endoplasm.
You scratch the endoplasm. You bite the endoplasm.
The endoplasm is severely wounded.
The endoplasm closely misses you.
Your crimson imp barely misses the endoplasm.
You scratch the endoplasm.
The endoplasm is almost dead.
The endoplasm misses you.
Your crimson imp hits the endoplasm.
The endoplasm dies!
No target in view!
Found a hand axe.
Found a runed iron wand.
Your crimson imp blinks!
Grinder shouts!
You hear a shout! x4; You hear an angry hiss.
A kobold brigand comes into view.
It is wielding a +2 dagger of holy wrath and quivering poisoned darts.
Grinder gestures at you.
You suddenly lose the ability to move!
Pikel, Merchant of Souls comes into view.
He is wielding a +1 whip of flaming and wearing a +2 robe of resistance.
Grinder gestures at you. Pain shoots through your body!
A lemure comes into view.
Pikel says, "You'll feel the lick of my whip!"
The kobold brigand throws a poisoned dart.
The poisoned dart hits you!
You are poisoned.
You feel sick. x3
A lemure comes into view.
Grinder hits you.
You writhe in agony.
* * * LOW HITPOINT WARNING * * *
You feel sick.
A hobgoblin comes into view.
Pikel hits you with a +1 whip of flaming.
You die...

...........##....... .
##....##..#....####..
.##...........#######..
## .5..................#.
#.g##....................
#.....................##.
.........................
......5K5............##.#
#..../5@).#.........##..
#.....K...#.........####
##############..........
####...###. #...# ##
#...# #...# #####


You could see Pikel, Grinder (ally target), a kobold brigand, 2 lemures, a
hobgoblin and a friendly crimson imp (summoned).

Vanquished Creatures
  An adder (D:2)
  A worm (D:4)
  A dart slug (D:3)
  2 ball pythons (D:1)
  An endoplasm (D:3)
  2 goblins
  A hobgoblin (D:2)
  4 bats
  3 frilled lizards
  2 rats (D:3)
18 creatures vanquished.

Vanquished Creatures (collateral kills)
  A necrophage (D:4)
  A bullfrog skeleton (D:4)
  2 hounds
  4 adders (D:2)
  2 dart slugs
  3 orcs (D:2)
  10 endoplasms
  2 giant cockroaches
  3 goblins
  7 hobgoblins
  3 quokkas
  3 ball pythons (D:1)
  3 bats
  3 frilled lizards
  6 kobolds
  2 rats (D:1)
55 creatures vanquished.

Grand Total: 73 creatures vanquished

Notes
Turn   | Place    | Note
-------+----------+-------------------------------------------
     0 | D:1      | wilfster70 the Felid Summoner began the quest for the Orb.
     0 | D:1      | Reached XP level 1. HP: 7/7 MP: 4/4
   334 | D:1      | Reached XP level 2. HP: 11/11 MP: 3/6
   402 | D:1      | Learned a level 2 spell: Call Imp
  1291 | D:1      | Reached XP level 3. HP: 14/14 MP: 6/8
  1295 | D:1      | Learned a level 3 spell: Call Canine Familiar
  1325 | D:1      | Found a faded altar of an unknown god.
  2439 | D:2      | Reached XP level 4. HP: 18/18 MP: 6/9
  2647 | D:2      | Reached skill level 5 in Summonings
  2992 | D:2      | HP: 1/27 [poisoned by an adder]
  3341 | D:3      | Found a burning altar of Makhleb.
  3837 | D:3      | Reached XP level 5. HP: 13/21 MP: 7/11
  3952 | D:3      | Learned a level 3 spell: Summon Guardian Golem
  4048 | D:4      | Noticed Grinder
  4068 | D:4      | Noticed a necrophage
  4078 | D:4      | Paralysed by Grinder for 2 turns
  4079 | D:4      | Killed from afar by Grinder
  4080 | D:4      | Reached XP level 4. HP: 0/18 MP: 7/10
  4123 | D:4      | Killed a necrophage
  4124 | D:4      | Reached XP level 5. HP: 16/21 MP: 3/12
  4196 | D:4      | Found a broken altar of Ashenzari.
  4366 | D:4      | Noticed Menkaure
  4462 | D:4      | Reached skill level 6 in Summonings
  4562 | D:4      | Paralysed by Grinder for 7 turns
  4564 | D:4      | Noticed Pikel
  4565 | D:4      | Noticed a lemure
  4568 | D:4      | Noticed a lemure
  4569 | D:4      | Slain by Pikel

Illustrated notes

Levels and vault maps discovered:
D:1:      mushboom_english_gardens, layout_loops_ring, serial_aquarium,
          aquarium_bridge_island_small [aquarium_subvault_small_open,
          aquarium_subvault_wall, aquarium_subvault_bridge,
          aquarium_subvault_bridge, aquarium_subvault_wall],
          aquarium_window_fake, aquarium_window_1, aquarium_window_2,
          aquarium_view_2f, aquarium_view_2f, aquarium_pool_2,
          nicolae_ecumenical_lake_church
D:2:      layout_rooms, kennysheep_generic_room_3
D:3:      layout_loops_ring, bloody_makhleb, lemuel_round_altar
D:4:      layout_rooms, mainiacjoe_overflow_surrounded_room, uniq_menkaure,
          uniq_natasha, uniq_grinder, uniq_pikel

Skill      XL: |  1  2  3  4  5 |
---------------+----------------+-----
Spellcasting   | 3 4 |  4.4
Summonings     | 5 6 |  6.0
Dodging        | |  2.6
Stealth        | |  2.6

Action                   |  1- 3 |  4- 6 || total
-------------------------+-------+-------++-------
Melee: Unarmed           |    38 |    45 ||    83
       Bite              |     4 |     2 ||     6
 Cast: Summon Small Mamm |    37 |     8 ||    45
       Call Imp          |     7 |     9 ||    16
       Call Canine Famil |     5 |    14 ||    19
  Use: Potion            |       |     2 ||     2
 Stab: Sleeping          |     3 |     1 ||     4
       Distracted        |     1 |     1 ||     2
Armor: Skin              |    12 |     5 ||    17
Dodge: Dodged            |    54 |    60 ||   114

Table legend: (Time is in decaauts)
 A = Elapsed time spent in this place.
 B = Non-inter-level travel time spent in this place.
 C = Inter-level travel time spent in this place.
 D = Time resting spent in this place.
 E = Time spent auto-exploring this place.
 F = Levels seen in this place.
 G = Mean time per level.
                   A        B        C        D        E       F      G
               +--------+--------+--------+--------+--------+-----+--------+
         Total |   4177 |   4075 |    102 |   1810 |   1134 |   4 | 1044.2 |
       Dungeon |   4177 |   4075 |    102 |   1810 |   1134 |   4 | 1044.2 |
               +--------+--------+--------+--------+--------+-----+--------+

Top non-repeatable levels by time:
     D:1: 1869 daAuts
     D:2: 1072 daAuts
     D:3: 747 daAuts
     D:4: 488 daAuts
